Map: [ESL] Site Delta

Players

GunGFuBanDa

  • Race: Protoss Protoss
  • Spawn Location: 11:00

milkicow - Winner!

  • Race: Terran Terran
  • Spawn Location: 5:00

Event: ESL SC2 Masters 2023 Winter (Regional)

VOD

Have the link to the VOD?

Description

Time

  • Played on: Nov. 5, 2023, 10:07 a.m.
  • Length: 9:16

All games in this series

Show
View Real Time Build Order
Export as new Build Order

GunGFuBanDa Protoss 

Build Orders: 1 Gate Expand, Blink Stalkers 

Get SALT Encoding   

  12  0:00  Probe  
  13  0:12  Probe  
  14  0:17  Pylon  
  14  0:24  Probe (Chrono Boost)  
  16  0:35  Gateway  
  16  0:37  Probe (Chrono Boost)  
  16  0:42  Probe (Chrono Boost)  
  16  0:45  Assimilator  
  17  0:51  Probe  
  18  1:03  Probe  
  19  1:15  Probe  
  20  1:23  Cybernetics Core  
  20  1:34  Nexus  
  20  1:37  Probe  
  21  1:42  Pylon  
  21  1:50  Probe  
  21  1:51  Assimilator  
  22  1:58  Adept (Chrono Boost)  
  22  2:00  Warp Gate  
  24  2:03  Probe (Chrono Boost)  
  26  2:15  Probe (Chrono Boost)  
  26  2:20  Stalker  
  26  2:22  Probe (Chrono Boost)  
  29  2:30  Probe  
  29  2:36  Twilight Council  
  30  2:42  Probe  
  31  2:48  Probe  
  31  2:50  Stalker  
  34  2:56  Probe (Chrono Boost)  
  35  3:00  Probe (Chrono Boost)  
  36  3:11  Blink (Chrono Boost), Probe x2 (Chrono Boost)  
  38  3:19  Probe (Chrono Boost)  
  40  3:20  Probe (Chrono Boost)  
  40  3:25  Probe (Chrono Boost)  
  42  3:28  Probe (Chrono Boost)  
  42  3:30  Gateway  
  42  3:32  Robotics Facility  
  42  3:33  Probe  
  43  3:38  Probe  
  44  3:43  Pylon  
  44  3:45  Assimilator, Probe  
  45  3:50  Probe  
  46  3:56  Pylon  
  46  4:02  Stalker  
  48  4:03  Probe x2  
  49  4:20  Observer (Chrono Boost)  
  50  4:25  Nexus  
  50  4:27  Probe  
  48  4:31  Observer  
  48  4:33  Stalker  
  50  4:38  Probe  
  51  4:47  Probe (Chrono Boost)  
  53  4:55  Observer  
  53  4:56  Probe (Chrono Boost)  
  55  5:00  Probe (Chrono Boost)  
  55  5:04  Stalker  
  55  5:05  Stalker  
  55  5:07  Probe x2 (Chrono Boost)  
  61  5:15  Pylon  
  61  5:16  Probe  
  62  5:23  Observer  
  62  5:27  Assimilator, Robotics Bay  
  62  5:32  Pylon  
  64  5:37  Probe x3 (Chrono Boost)  
  64  5:40  Shield Battery  
  64  5:42  Sentry  
  67  5:46  Probe (Chrono Boost)  
  67  5:47  Immortal (Chrono Boost)  
  67  5:48  Probe x2 (Chrono Boost)  
  67  5:49  Observer  
  70  5:51  Probe (Chrono Boost)  
  70  5:56  Pylon  
  75  5:57  Probe x2  
  75  5:58  Charge (Chrono Boost)  
  75  6:03  Probe  
  78  6:09  Probe  
  78  6:10  Gateway  
  78  6:11  Gateway  
  79  6:13  Probe  
  79  6:18  Probe  
  81  6:20  Forge  
  81  6:21  Colossus (Chrono Boost)  
  87  6:28  Pylon  
  87  6:36  Gateway  
  87  6:37  Gateway  
  87  6:39  Zealot, Stalker  
  91  6:44  Shield Battery  
  91  6:45  Pylon  
  91  6:59  Probe  
  91  7:00  Protoss Ground Weapons Level 1  
  92  7:03  Extended Thermal Lance, Colossus (Chrono Boost)  
  92  7:08  Stalker  
  100  7:09  Zealot  
  100  7:14  Probe  
  101  7:17  Zealot x2  
  101  7:19  Probe  
  101  7:21  Probe  
  105  7:26  Probe  
  104  7:31  Probe  
  104  7:33  Probe  
  106  7:38  Zealot x4, Probe  
  115  7:49  Observer  
  111  7:51  Zealot x2  
  85  8:07  Observer  
  85  8:11  Probe (Chrono Boost)  
  84  8:14  Stalker x4  
  84  8:15  Zealot x2  
  96  8:23  Probe (Chrono Boost)  
  96  8:25  Probe (Chrono Boost)  
  96  8:26  Probe (Chrono Boost)  
  99  8:32  Probe (Chrono Boost)  
  99  8:34  Probe (Chrono Boost)  
  100  8:38  Probe (Chrono Boost)  
  86  8:43  Stalker x6  
  84  8:59  Probe  
Show
View Real Time Build Order
Export as new Build Order

milkicow Terran - Winner!

Build Orders: 1/1/1, Widow Mine Drop 

Get SALT Encoding   

  12  0:00  SCV  
  13  0:12  SCV  
  14  0:17  Supply Depot  
  14  0:25  SCV  
  15  0:39  SCV  
  15  0:40  Barracks  
  16  0:44  Refinery  
  16  0:51  SCV  
  16  0:53  Refinery  
  17  1:03  SCV  
  18  1:15  SCV  
  19  1:27  Orbital Command  
  19  1:33  Factory  
  19  1:45  Reaper  
  20  1:53  Supply Depot  
  20  1:54  SCV  
  21  2:06  SCV  
  22  2:18  Widow Mine, Starport  
  22  2:20  SCV  
  25  2:25  Barracks Reactor  
  25  2:32  SCV  
  26  2:37  Command Center  
  26  2:40  Widow Mine  
  28  2:44  SCV  
  28  2:51  Supply Depot  
  29  2:55  Medivac  
  31  3:12  SCV, Marine x2  
  36  3:13  Widow Mine  
  36  3:20  Armory  
  36  3:24  SCV  
  37  3:28  Starport Tech Lab  
  37  3:31  Marine x2  
  39  3:36  Factory Tech Lab  
  39  3:38  SCV  
  39  3:50  SCV  
  42  3:55  Raven, Marine x2  
  42  3:59  Barracks  
  42  4:02  SCV  
  45  4:03  Supply Depot  
  45  4:14  SCV  
  46  4:20  Siege Tank, Marine x2  
  50  4:24  SCV  
  50  4:31  SCV  
  48  4:36  Orbital Command  
  48  4:38  Marine  
  49  4:39  Barracks  
  49  4:41  Marine  
  49  4:43  SCV  
  51  4:52  Siege Tank  
  49  4:57  Refinery  
  49  4:58  Starport Reactor, SCV  
  50  5:02  Bunker  
  50  5:03  Marine x2  
  50  5:04  SCV  
  53  5:10  Stimpack, SCV  
  53  5:11  Marine  
  55  5:16  SCV, Engineering Bay  
  56  5:21  Marine  
  56  5:22  Marine, SCV  
  56  5:27  Supply Depot  
  59  5:28  SCV  
  59  5:32  Marine  
  59  5:34  SCV  
  62  5:37  Supply Depot  
  62  5:39  Combat Shield  
  62  5:45  Terran Infantry Weapons Level 1  
  62  5:48  Factory Reactor, Marine x3, SCV  
  66  5:51  Supply Depot  
  66  5:53  Marine  
  66  5:56  Medivac  
  70  5:57  SCV  
  70  6:00  Supply Depot  
  70  6:02  SCV  
  71  6:09  Marine x2, Medivac  
  71  6:10  Marine  
  71  6:11  Marine  
  76  6:15  Supply Depot  
  77  6:27  Marine x2, Widow Mine x2  
  77  6:31  Marauder x2  
  87  6:35  Medivac  
  88  6:45  Marine  
  89  6:47  Medivac  
  89  6:48  Supply Depot  
  89  6:53  Marauder  
  93  6:54  Marine  
  93  6:55  Command Center  
  93  6:58  Widow Mine x2  
  93  6:59  Marine  
  99  7:03  SCV  
  99  7:07  SCV  
  101  7:14  Marauder  
  101  7:15  Marine  
  103  7:17  Marine, Marauder  
  105  7:30  Medivac x2  
  105  7:33  Marine  
  105  7:35  Supply Depot, Refinery  
  105  7:36  Barracks, Marauder  
  110  7:37  Barracks  
  110  7:55  Supply Depot  
  110  7:56  Marine x2, Supply Depot, SCV  
  110  7:57  Marauder x2  
  112  8:04  SCV  
  107  8:09  SCV  
  107  8:10  Orbital Command  
  107  8:13  Marine  
  107  8:16  SCV  
  107  8:18  Marauder  
  111  8:21  SCV  
  108  8:28  Marauder, Marine  
  108  8:29  Barracks Reactor  
  108  8:31  Barracks Reactor  
  111  8:38  Marine  
  111  8:40  Marauder  
  105  8:45  Marine  
  103  8:50  Marauder  
  103  8:52  SCV x2  
  103  8:54  Ghost Academy  
  106  8:55  Marine  
Tags
 
Add a new tag
Caveats
  • Supply blocks, unpowered buildings, or Contaminate may cause inaccurate times.
  • Supply counts are checked every 10 seconds.